 Dungeon Crawl Stone Soup version 0.30.0-29-ga12c61a403 (webtiles) character file.

Game seed: 10215900279648906423

148 KamiKatze the Shield-Bearer (level 5, -1/28 HPs)
             Began as a Vine Stalker Fighter on June 18, 2023.
             Slain by a gnoll
             ... wielding a +0 club
             ... led by a gnoll bouda
              (6 damage)
             ... on level 4 of the Dungeon.
             The game lasted 00:08:04 (1986 turns).

KamiKatze the Shield-Bearer (Vine Stalker Fighter)  Turns: 1986, Time: 00:08:05

Health: -1/28      AC:  7    Str: 20    XL:     5   Next: 30%
Magic:  0/6        EV:  9    Int:  8    God:
Gold:   182        SH:  5    Dex: 14    Spells: 4/4 levels left

rFire   . . .        a - +0 war axe (flame)
rCold   . . .        c - +0 buckler
rNeg    . . .        b - +0 scale mail
rPois   .            n - +0 helmet
rElec   .            (no cloak)
rCorr   .            (no gloves)
SInv    .            (no boots)
Will    .....        p - amulet of faith Stlth
                     (no ring)
HPRegen 1.04/turn    (no ring)
MPRegen 0.10/turn

%: guardian spirit, faith
@: weakened
A: fangs 2, regeneration 1, magic shield, antimagic bite, no potion heal 2
a: no special abilities


You were on level 4 of the Dungeon.
You visited 1 branch of the dungeon, and saw 4 of its levels.

You collected 182 gold pieces.

Inventory:

Hand Weapons
 a - a +0 war axe of flaming (weapon)
 w - a +0 trident
Missiles
 u - 3 poisoned darts (quivered)
Armour
 b - a +0 scale mail (worn)
 c - a +0 buckler (worn)
 f - a +0 chain mail
 n - a +0 helmet (worn)
Jewellery
 p - an amulet of faith (around neck)
Wands
 d - a wand of paralysis (5)
Scrolls
 g - 2 scrolls of identify
 j - a scroll of acquirement
 q - a scroll of silence {unknown}
 t - a scroll of butterflies {unknown}
 x - a scroll of blinking {unknown}
Potions
 h - 3 potions of mutation
 l - 2 potions of flight {unknown}
 m - 3 potions of curing {unknown}
 o - 3 potions of heal wounds {unknown}
 r - a potion of degeneration {unknown}
 s - 2 potions of lignification {unknown}
 v - a potion of cancellation {unknown}


   Skills:
 + Level 3.0 Fighting
 * Level 2.9 Axes
 + Level 2.7 Armour
 + Level 0.9 Dodging
 * Level 3.6 Shields
 + Level 1.3 Evocations


You had 4 spell levels left.
You didn't know any spells.
Your spell library was empty.

Dungeon Overview and Level Annotations

Branches:
Dungeon (4/15)
 Temple: D:4-7

Altars:
Elyvilon
Kikubaaqudgha
Zin

Shops:
D:3 :


Innate Abilities, Weirdness & Mutations

You have extremely sharp teeth.
Your natural rate of healing is unusually fast.
When hurt, damage is shared between your health and your magic reserves.
Your bite disrupts and absorbs the magic of your enemies.
Potions cannot restore your health.


Message History

A gnoll bouda and a gnoll come into view.
The gnoll bouda shouts!
The gnoll shouts!
The gnoll bouda barks out a call to the hunt!
The gnoll picks up the pace!
A gnoll comes into view. It is wielding a +0 halberd.
The gnoll shouts!
A gnoll comes into view. It is wielding a +0 halberd.
A gnoll comes into view. It is wielding a +0 club.
The gnoll moves out of view.
The gnoll shouts!
You hear a shout!
The ogre hits you with a +0 giant club! The gnoll hits you with a +0 whip.
The gnoll barely misses you. The gnoll bouda barely misses you.
The gnoll barely misses you.
You completely miss the gnoll. Your bite misses the gnoll.
You hit the gnoll bouda but do no damage.
You slash the gnoll! You burn the gnoll. The gnoll hits you but does no damage.
The gnoll barely misses you. The gnoll bouda barely misses you.
The gnoll barely misses you. The ogre closely misses you.
The gnoll hits you with a +0 halberd. The gnoll barely misses you.
You slash the gnoll! You burn the gnoll.
You kill the gnoll!
You completely miss the gnoll bouda. You hit the gnoll. You burn the gnoll.
You kill the gnoll!
You hit the ogre. You burn the ogre.
The gnoll bouda gazes fiercely through you!
You feel your attacks grow feeble.
The gnoll bouda hits you with a +0 whip.
You block the gnoll's attack.
The gnoll bouda hits you with a +0 whip.
The ogre closely misses you. You block the gnoll's attack.
You hit the ogre. You burn the ogre. You bite the ogre, but do no damage.
The ogre is moderately wounded.
You hit the gnoll. You burn the gnoll. You closely miss the gnoll bouda.
You block the gnoll's attack.
The gnoll bouda hits you with a +0 whip.
The gnoll hits you from afar with a +0 halberd!
* * * LOW HITPOINT WARNING * * *
The gnoll hits you with a +0 club!
You die...

,,,* *,,,,,,,,,,,,,,*
,,,* *,,,,,..,,,..,,*
*+*******,,**#.***..,,*
,,,,,,,,*+**##.###..,,*
,,<,,,*,,,,,+......,,,*
,,,,,,*,,,,,*,....,,,,*
,,,,,,*######*>.g#,,,,*
,,,,,,,......###g#*****
####+*,........g@#
.....#,........)O#
.....#,..........#
*#...#,..........#####**
##...#,...............,*
#....#########'##.....,*
#...........#...#.....,*
#...........'...#.....,*
#....#########..#.....,*


You could see an ogre, a gnoll bouda and 2 gnolls.

Vanquished Creatures
  An orc priest (D:3)
  An orc wizard (D:3)
  2 gnolls (D:4)
  A dart slug (D:4)
  7 orcs (D:3)
  3 bats
  5 endoplasms
  3 giant cockroaches
  4 goblins
  10 hobgoblins
  2 jackals (D:3)
  A quokka (D:3)
  5 ball pythons
  3 frilled lizards
  11 kobolds
  3 rats
62 creatures vanquished.

Notes
Turn   | Place    | Note
-------+----------+-------------------------------------------
     0 | D:1      | KamiKatze the Vine Stalker Fighter began the quest for the
                  | Orb.
     0 | D:1      | Reached XP level 1. HP: 11/11 MP: 2/2
   106 | D:1      | Reached XP level 2. HP: 13/16 MP: 3/3
   381 | D:2      | Reached XP level 3. HP: 18/19 MP: 4/4
   823 | D:2      | Found an ancient bone altar of Kikubaaqudgha.
  1241 | D:3      | Reached skill level 1 in Evocations
  1241 | D:3      | Gained mutation: Your natural rate of healing is unusually
                  | fast. [Vine Stalker growth]
  1241 | D:3      | Reached XP level 4. HP: 4/23 MP: 0/5
  1343 | D:3      | Found Supp's Book Shoppe.
  1479 | D:3      | Found a white marble altar of Elyvilon.
  1629 | D:3      | Reached XP level 5. HP: 28/28 MP: 6/6
  1939 | D:4      | Identified a scroll of acquirement
  1952 | D:4      | Found a glowing silver altar of Zin.
  1978 | D:4      | Noticed an ogre
  1986 | D:4      | Slain by a gnoll

Illustrated notes

Levels and vault maps discovered:
D:1:      tarquinn_simple_flora_water_e, layout_rooms,
          chequers_serial_rivers_micro_b
D:2:      layout_loops_ring, basic_altar, kennysheep_generic_room_3
D:3:      layout_loops_ring, mainiacjoe_overflow_six_doors_small, serial_shops,
          nicolae_shop_just_a_little_nook
D:4:      due_chaos_kobolds, layout_gridville, trog_butcher_becter,
          mainiacjoe_overflow_chevrons, lemuel_tele_altar,
          lightli_ossuary_entry_decrepit_ruins, minmay_three_crescents

Skill      XL: |  1  2  3  4 |
---------------+-------------+-----
Axes           | 2 |  2.9
Shields        | 3 |  3.6
Evocations     | 1 |  1.3
Fighting       | 3 |  3.0
Armour         | |  2.7
Dodging        | |  0.9

Action                     |  1- 3 |  4- 6 || total
---------------------------+-------+-------++-------
  Melee: War axe           |    99 |    34 ||   133
         Bite              |    20 |    10 ||    30
    Use: Potion            |       |     1 ||     1
         Scroll            |       |     5 ||     5
 Armour: Scale mail        |    60 |    11 ||    71
  Dodge: Dodged            |    44 |    19 ||    63
  Block: Buckler           |    17 |     6 ||    23
